 Dungeon Crawl Stone Soup version 0.29.1-12-g30fa7ad0bf (webtiles) character file.

Game seed: 10016976220956673802

46 mandoloar the Conjurer (level 3, -15/19 HPs)
             Began as a Deep Elf Conjurer on Dec 20, 2022.
             Killed from afar by Sigmund (18 damage)
             ... with a bolt of light
             ... on level 2 of the Dungeon.
             The game lasted 00:05:41 (2162 turns).

mandoloar the Conjurer (Deep Elf Conjurer)          Turns: 2162, Time: 00:05:41

Health: -15/19     AC:  2    Str:  4    XL:     3   Next: 46%
Magic:  9/10       EV: 13    Int: 24    God:
Gold:   141        SH:  0    Dex: 13    Spells: 8/9 levels left

rFire   . . .      SeeInvis .   j - +1 dagger (drain)
rCold   . . .      Faith    .   (no shield)
rNeg    . . .      Spirit   .   a - +0 robe
rPois   .          Reflect  .   (no helmet)
rElec   .          Harm     .   (no cloak)
rCorr   .          Rampage  .   (no gloves)
Will    .....                   (no boots)
Stlth   +.........              (no amulet)
HPRegen 0.06/turn               (no ring)
MPRegen 0.12/turn               (no ring)

@: confused
A: no striking features
a: no special abilities


You were on level 2 of the Dungeon.
You visited 1 branch of the dungeon, and saw 2 of its levels.

You collected 141 gold pieces.

Inventory:

Hand Weapons
 j - a +1 dagger of draining (weapon)
Armour
 a - a +0 robe (worn)
Scrolls
 d - 3 scrolls of identify {unknown}
 e - a scroll of silence {unknown}
 f - a scroll of enchant weapon {unknown}
 h - 2 scrolls of blinking {unknown}
 i - a scroll of teleportation {unknown}
 k - a scroll of butterflies {unknown}
Potions
 b - a potion of magic
 c - 2 potions of curing {unknown}
 g - a potion of degeneration {unknown}
 l - a potion of heal wounds {unknown}


   Skills:
 + Level 3.1 Dodging
 + Level 3.2 Stealth
 + Level 3.7 Spellcasting
 + Level 4.8 Conjurations


You had 8 spell levels left.
You knew the following spells:

 Your Spells              Type           Power      Damage    Failure   Level
a - Magic Dart            Conj           100%       1d8       1%          1

Your spell library contained the following spells:

 Spells                   Type           Power      Damage    Failure   Level
 Searing Ray              Conj           54%        2d6       1%          2
 Dazzling Flash           Conj/Hex       32%        N/A       11%         3
 Fulminant Prism          Conj/Hex       8%         3d7       36%         4
 Iskenderun's Mystic Bla  Conj/Tloc      16%        2d5       36%         4


Dungeon Overview and Level Annotations

Branches:
Dungeon (2/15)

Altars:

Annotations:
D:2 Sigmund


Message History

There is a stone staircase leading down here.
Found a club.
You start waiting.
Done waiting.
Found a dagger.
You now have 141 gold pieces (gained 15).
Things that are here:
a +0 whip; 3 stones; a kobold corpse
d - 3 scrolls labelled FEYZEC PIPT (gained 1) Sigmund the Dreaded comes into view.
He is wielding a +0 scythe and carrying a wand of light (7).
Found a forked brass wand.
Casting: Magic Dart (safe; 1% risk of failure)
Confirm with . or Enter, or press ? or * to list all spells.
Aiming: Magic Dart (safe; 1% risk of failure)
Press: ? - help, Shift-Dir - straight line, f - Sigmund
Aim: Sigmund, wielding a +0 scythe, wearing a +0 robe and carrying a wand of light (7) (asleep, 100% to hit)
The magic dart hits Sigmund.
Sigmund is lightly wounded.
Sigmund shouts!
Casting: Magic Dart (safe; 1% risk of failure)
Confirm with . or Enter, or press ? or * to list all spells.
Aiming: Magic Dart (safe; 1% risk of failure)
Press: ? - help, Shift-Dir - straight line, f/p - Sigmund
Aim: Sigmund, wielding a +0 scythe, wearing a +0 robe and carrying a wand of light (7) (lightly wounded, 100% to hit)
The magic dart hits Sigmund.
Sigmund is moderately wounded.
Sigmund casts a spell at you. The magic dart hits you.
Sigmund casts a spell at you.
You are confused.
Sigmund zaps a wand.
The bolt of light hits you!
You are more confused.
Ouch! That really hurt!
* * * LOW HITPOINT WARNING * * *
Things that are here:
a +0 whip; 3 stones; a kobold corpse Sigmund zaps a wand.
The bolt of light hits you!!
You are more confused.
Ouch! That really hurt!
You die...

#.#####..#####
#........#######
#######........#
#..#####.# #>.#
#..# ##..###
#.....#
#######.@...###.
#..@...)........
#.###.......###.
#. #.......# #.
#........... #/
.........##.#
#.###.).....# .
#. #.).....# #.
#.........


You could see Sigmund.

Vanquished Creatures
  A dart slug (D:1)
  2 ball pythons
  4 bats
  5 endoplasms
  3 giant cockroaches (D:1)
  2 goblins
  7 hobgoblins (D:1)
  3 kobolds
  4 quokkas
  A frilled lizard (D:1)
  4 rats (D:1)
36 creatures vanquished.

Vanquished Creatures (others)
  10 plants (D:1)
10 creatures vanquished.

Grand Total: 46 creatures vanquished

Notes
Turn   | Place    | Note
-------+----------+-------------------------------------------
     0 | D:1      | mandoloar the Deep Elf Conjurer began the quest for the
                  | Orb.
     0 | D:1      | Reached XP level 1. HP: 10/10 MP: 6/6
    98 | D:1      | Found a faded altar of an unknown god.
   277 | D:1      | Reached XP level 2. HP: 15/15 MP: 5/8
  1185 | D:1      | Reached XP level 3. HP: 19/19 MP: 8/10
  2152 | D:2      | Noticed Sigmund
  2162 | D:2      | Killed from afar by Sigmund

Illustrated notes

Levels and vault maps discovered:
D:1:      spicycebolla_arrival_clurvy, layout_loops_ring,
          chequers_ecumenical_altar_simple_redux, minmay_tetromino_l4
D:2:      layout_loops_ring, basic_altar, uniq_sigmund

Skill      XL: |  1  2 |
---------------+-------+-----
Stealth        | 3 |  3.2
Dodging        | 3 |  3.1
Spellcasting   | |  3.7
Conjurations   | |  4.8

Action                   || total
-------------------------++-------
Melee: Unarmed           ||     6
       Dagger            ||     3
 Cast: Magic Dart        ||    74
Armor: Robe              ||     9
Dodge: Dodged            ||    33
